 Dungeon Crawl Stone Soup version 0.31-a0-496-g6f97920a28 (webtiles) character file.

Game seed: 1422053541151585215

27909 porpoise the Geomancer (level 13, -6/78 HPs)
             Began as a Gargoyle Earth Elementalist on Aug 9, 2023.
             Was a High Priest of Vehumet.
             Mangled by a spectral black mamba (11 damage)
             ... in a Gauntlet.
             The game lasted 01:17:50 (14400 turns).

porpoise the Geomancer (GrEE)                      Turns: 14400, Time: 01:17:51

Health: -6/78      AC: 20    Str: 10    XL:     13   Next: 35%
Magic:  26/26      EV: 14    Int: 26    God:    Vehumet [*****.]
Gold:   860        SH:  0    Dex: 10    Spells: 13/30 levels left

rFire   . . .        b - +0 sling
rCold   . . .        (no shield)
rNeg    + + +        v - +0 robe
rPois   ∞            p - +1 helmet
rElec   +            M - +1 cloak
rCorr   .            s - +0 pair of gloves
SInv    .            (no boots)
Will    .....        z - amulet of Woxazum {Acrobat rN+++ Regen+ Str-3 Stlth-}
Stlth   ++           V - +4 ring of protection
HPRegen 1.13/turn    q - +6 ring of intelligence
MPRegen 0.20/turn

%: no teleportation, acrobat
@: on berserk cooldown, slowed, very slow
A: sickness immunity, AC +9, negative energy resistance 1, electricity
resistance, torment resistance 1, petrification resistance
a: Renounce Religion


You were in a Gauntlet.
You worshipped Vehumet.
Vehumet was extremely pleased with you.
You visited 3 branches of the dungeon, and saw 16 of its levels.
You also visited: Bailey and Gauntlet.

You collected 860 gold pieces.

Inventory:

Hand Weapons
 a - a +0 demon trident of draining
 b - a +0 sling (weapon)
Missiles
 c - 4 datura-tipped darts
 E - a curare-tipped dart
Armour
 p - a +1 helmet (worn)
 s - a +0 pair of gloves (worn)
 v - a +0 robe (worn)
 C - a +2 chain mail of cold resistance
 M - a +1 cloak (worn)
Jewellery
 d - a ring of see invisible
 q - a +6 ring of intelligence (right hand)
 t - a ring of protection from fire
 z - the amulet of Woxazum (around neck) {Acrobat rN+++ Regen+ Str-3 Stlth-}
   (You found it on level 5 of the Dungeon)

   [amulet of the acrobat]

   It increases your evasion while moving and waiting.
   Str:       It affects your strength (-3).
   rN:        It renders you almost immune to negative energy.
   Regen:     It increases your rate of health regeneration.
   Stlth:     It makes you less stealthy.
 A - a +6 ring of intelligence
 N - a ring of willpower
 V - a +4 ring of protection (left hand)
Wands
 f - a wand of polymorph (6)
 k - a wand of quicksilver (8)
 I - a wand of paralysis (9)
 O - a wand of roots (20)
 U - a wand of flame (13)
Scrolls
 i - a scroll of enchant weapon
 j - a scroll of fog
 n - 4 scrolls of revelation
 y - a scroll of identify
 D - 7 scrolls of teleportation
 H - a scroll of fear
 K - 5 scrolls of blinking
Potions
 e - a potion of mutation
 h - 4 potions of might
 l - 2 potions of resistance {unknown}
 m - 7 potions of heal wounds
 o - 2 potions of magic
 r - 5 potions of attraction
 u - 4 potions of curing
 w - a potion of brilliance
 x - 2 potions of lignification
 B - a potion of invisibility
 F - a potion of cancellation {unknown}
 G - a potion of ambrosia
 J - 3 potions of haste
 S - 5 potions of enlightenment


   Skills:
 + Level 8.0 Fighting
 + Level 0.6 Armour
 - Level 7.0 Dodging
 - Level 7.0 Stealth
 - Level 9.0 Spellcasting
 - Level 9.0 Conjurations
 - Level 5.0 Translocations
 - Level 0.7 Transmutations
 - Level 7.0 Fire Magic
 - Level 3.0 Air Magic
 - Level 9.0 Earth Magic
 - Level 7.0 Evocations


You had 13 spell levels left.
You knew the following spells:

 Your Spells              Type           Power      Damage    Failure   Level
a - Sandblast             Erth           100%       2d20      1%          1
b - Stone Arrow           Conj/Erth      100%       3d13      1%          3
c - Iskenderun's Mystic   Conj/Tloc      48%        2d11      1%          4
k - Blink                 Tloc           74%        N/A       1%          2
m - Mephitic Cloud        Conj/Pois/Air  32%        N/A       1%          3
s - Sticky Flame          Conj/Fire      52%        2d7       1%          4

Your spell library contained the following spells:

 Spells                   Type           Power      Damage    Failure   Level
 Eringya's Noxious Bog    Tmut/Pois      6%         4d6       82%         6
 Lesser Beckoning         Tloc           74%        N/A       1%          2
 Momentum Strike          Conj/Tloc      96%        3d10      1%          2
 Passwall                 Tmut/Erth      30%        N/A       1%          2
 Dazzling Flash           Conj/Hex       70%        N/A       1%          3
 Ignite Poison            Fire/Tmut/Pois 25%        N/A       1%          3
 Inner Flame              Hex/Fire       29%        N/A       1%          3
 Volatile Blastmotes      Fire/Tloc      84%        2d17      1%          3
 Summon Small Mammal      Summ           44%        N/A       4%          1
 Petrify                  Tmut/Erth      36%        N/A       7%          4
 Animate Armour           Summ/Erth      70%        N/A       8%          4
 Starburst                Conj/Fire      26%        6d8       8%          6
 Call Canine Familiar     Summ           11%        N/A       16%         3
 Ozocubu's Armour         Ice            11%        N/A       16%         3
 Summon Guardian Golem    Hex/Summ       11%        N/A       16%         3
 Yara's Violent Unravell  Hex/Tmut       6%         3d5       30%         5
 Lehudib's Crystal Spear  Conj/Erth      27%        10d7      87%         8
 Ignition                 Fire           24%        3d8       98%         8
 Enfeeble                 Hex            5%         N/A       100%        7
 Ozocubu's Refrigeration  Ice            5%         4d8       100%        7
 Maxwell's Capacitive Co  Air            13%        ∞         100%        8


Dungeon Overview and Level Annotations

Branches:
Dungeon (11/15)            Temple (1/1) D:4            Lair (4/5) D:10
  Swamp (0/4) Lair:3        Snake (0/4) Lair:2        Slime (0/5) Lair:4
    Orc (0/2) D:9          Bailey (visited)         Gauntlet (1/1)

Altars:
Ashenzari
Cheibriados
Dithmenos
Elyvilon
Fedhas
Gozag
Hepliaklqana
Kikubaaqudgha
Makhleb
Nemelex Xobeh
Okawaru
Qazlal
Ru
Sif Muna
Trog
Uskayaw
Vehumet
Wu Jian
Xom
Yredelemnul
Zin
The Shining One

Shops:
D:6 [:   D:7 !

Annotations:
Lair:3 2 transporters, amoryguerra's ghost, journeyman MiBe Gauntlet 11 transporters


Innate Abilities, Weirdness & Mutations

You are immune to sickness and miasma.
Your stone body is resilient. (AC +9)
You are immune to poison.
You resist negative energy. (rN+)
You are resistant to electric shocks. (rElec)
You are resistant to unholy torment.
You are immune to petrification.


Message History

The death scarab bites you.
The spectral black mamba barely misses you.
The spectral black mamba bites you. The death scarab bites you!!
The spectral black mamba bites you but does no damage.
You clumsily bash the spectral black mamba.
The spectral black mamba is lightly damaged.
The death scarab bites you! The death scarab drains your vigour!
You feel as though you will be slow longer.
The spectral black mamba bites you but does no damage.
The death scarab bites you but does no damage.
The spectral black mamba misses you.
You closely miss the spectral black mamba.
The spectral black mamba bites you! The spectral black mamba misses you.
The death scarab barely misses you. The spectral black mamba misses you.
You clumsily bash the spectral black mamba.
The spectral black mamba is lightly damaged.
The death scarab bites you! The spectral black mamba bites you!
* * * LOW HITPOINT WARNING * * *
The spectral black mamba completely misses you.
The death scarab bites you!
* * * LOW HITPOINT WARNING * * *
The spectral black mamba bites you but does no damage.
You miss the death scarab.
You are no longer berserk.
You are exhausted.
You feel as though you will be slow longer.
The death scarab barely misses you. The death scarab misses you.
The spectral black mamba bites you but does no damage.
The spectral black mamba closely misses you.
You shoot a sling bullet. The sling bullet hits the death scarab.
The death scarab is lightly damaged.
The death scarab bites you!
* * * LOW HITPOINT WARNING * * *
The death scarab drains your vigour!
You feel as though you will be slow longer.
The spectral black mamba closely misses you.
The death scarab barely misses you.
The spectral black mamba bites you but does no damage. x2
The spectral black mamba bites you!
You die...

.##.8.#.8.#.#..##.#.≈##
#.©.#...###.###.#.##
.##.8.#...###.yy..#.≈##
....©.#.8.#########.≈≈#
.##.8.#.⌠.#8..©#....≈##
#...#.8.#©...#.8..##
#...#...#8..©#....≈##
#≈≈≈#...#########.≈≈#
##≈###..#..$@Z..#.≈##
## ##.#.#B..#.#.##
##≈.#.#...#.#.≈##
#≈≈.#.##©##.#.≈≈#
##≈.#..#.#..#.≈##
##.####.####.##
##≈.#.......#.≈##
#≈≈.#########.≈≈#
##≈.#8..©#....≈##


You could see a spectral black mamba, 2 hornets and a death scarab.

Vanquished Creatures
  An orc warlord (Bailey)
  A hydra (Lair:2)
  Erica (D:8)
  2 two-headed ogres (D:9)
  2 black mambas (Lair:3)
  7 cane toads
  7 komodo dragons
  A torpor snail (Lair:3)
  3 rime drakes
  An ice devil (Gauntlet)
  3 polar bears
  Prince Ribbit (D:5)
  A hornet (D:8)
  A troll (D:10)
  10 blink frogs
  Sigmund (D:3)
  4 wyverns
  A wraith (D:10)
  2 basilisks
  20 yaks
  Grum (D:9)
  An acid dragon (D:10)
  4 nagas (Lair:2)
  9 water moccasins
  7 orc warriors
  A swamp drake (D:10)
  3 sky beasts
  An ice beast (D:6)
  5 ogres
  2 wolves (D:9)
  A centaur (D:5)
  A phantom (D:7)
  A kobold brigand (D:6)
  2 gnoll sergeants
  10 bullfrogs
  4 scorpions
  7 wights
  10 killer bees
  2 howler monkeys
  3 hounds (D:6)
  2 jellies
  12 orc priests
  Crazy Yiuf (D:6)
  A gnoll bouda (D:5)
  5 iguanas
  7 orc wizards
  9 gnolls
  5 adders
  6 white imps
  2 ufetubi (D:5)
  4 worms
  The ghost of deremet the Covert, a weakling GnDe (D:6)
  A dart slug (D:4)
  57 orcs
  4 ball pythons
  4 endoplasms
  3 giant cockroaches
  7 goblins
  8 hobgoblins
  2 jackals (D:1)
  16 kobolds
  3 quokkas
  5 bats
  A frilled lizard (D:2)
  9 rats
320 creatures vanquished.

Notes
Turn   | Place    | Note
-------+----------+-------------------------------------------
     0 | D:1      | porpoise the Gargoyle Earth Elementalist began the quest
                  | for the Orb.
     0 | D:1      | Reached XP level 1. HP: 10/10 MP: 3/3
   290 | D:1      | Reached XP level 2. HP: 15/15 MP: 3/5
  1118 | D:2      | Reached XP level 3. HP: 19/19 MP: 2/7
  1168 | D:2      | Learned a level 3 spell: Stone Arrow
  1705 | D:2      | Reached XP level 4. HP: 24/24 MP: 5/8
  1789 | D:2      | Reached skill level 5 in Earth Magic
  2203 | D:3      | Reached skill level 1 in Conjurations
  2292 | D:3      | Reached skill level 1 in Fighting
  2306 | D:3      | Found a glowing golden altar of the Shining One.
  2463 | D:3      | Reached XP level 5. HP: 29/29 MP: 6/9
  2497 | D:3      | Noticed Sigmund
  2505 | D:3      | Killed Sigmund
  2506 | D:3      | Reached XP level 6. HP: 15/36 MP: 4/10
  2609 | D:3      | Found a faded altar of an unknown god.
  3481 | D:4      | Learned a level 4 spell: Sticky Flame
  3569 | D:4      | Reached XP level 7. HP: 42/42 MP: 5/11
  3668 | D:4      | Found a staircase to the Ecumenical Temple.
  3678 | Temple   | Entered the Ecumenical Temple
  3685 | Temple   | Became a worshipper of Vehumet
  3854 | D:5      | Entered Level 5 of the Dungeon
  3914 | D:5      | Noticed Prince Ribbit
  3919 | D:5      | Killed Prince Ribbit
  4238 | D:5      | Identified the amulet of Woxazum {Acrobat rN+++ Regen+
                  | Str-3 Stlth-}
  4299 | D:5      | Reached XP level 8. HP: 42/48 MP: 7/12
  4301 | D:5      | Reached skill level 5 in Fighting
  4301 | D:5      | Reached skill level 5 in Conjurations
  4784 | D:6      | Found a runed translucent door.
  4784 | D:6      | Noticed deremet's ghost (weakling GnDe)
  4795 | D:6      | Killed deremet's ghost
  4934 | D:6      | Reached * piety under Vehumet
  4934 | D:6      | Offered knowledge of Magic Dart by Vehumet.
  4999 | D:6      | Reached XP level 9. HP: 54/54 MP: 6/14
  5065 | D:6      | Found Atulog's Book Boutique.
  5085 | D:6      | Found Zimn's Armour Shoppe.
  5259 | D:6      | Found a stormy altar of Qazlal.
  5326 | D:6      | Found a glowing silver altar of Zin.
  5427 | D:6      | Found a runed translucent door.
  5428 | D:6      | Noticed Crazy Yiuf
  5470 | D:6      | Found an iron altar of Okawaru.
  5545 | D:6      | Killed Crazy Yiuf
  5622 | D:7      | Reached skill level 1 in Fire Magic
  5806 | D:7      | Found Homoh's Distillery.
  6253 | D:7      | Offered knowledge of Static Discharge by Vehumet.
  6432 | D:8      | Reached skill level 5 in Spellcasting
  6432 | D:8      | Noticed Erica
  6441 | D:8      | Killed Erica
  6441 | D:8      | Reached ** piety under Vehumet
  6442 | D:8      | Reached XP level 10. HP: 54/59 MP: 6/17
  6446 | D:8      | Reached skill level 5 in Fire Magic
  6593 | D:8      | Reached skill level 5 in Dodging
  6602 | D:8      | Reached skill level 1 in Evocations
  6654 | D:8      | Found a flagged portal.
  6683 | Bailey   | Entered a bailey
  6760 | Bailey   | Offered knowledge of Mephitic Cloud by Vehumet.
  6868 | Bailey   | Learned a level 3 spell: Mephitic Cloud
  6871 | Bailey   | Learned a level 2 spell: Blink
  6901 | Bailey   | Noticed an orc warlord
  7152 | Bailey   | Found a runed translucent gate.
  7154 | Bailey   | Found a runed translucent gate.
  7156 | Bailey   | Found a runed translucent gate.
  7246 | Bailey   | Reached *** piety under Vehumet
  7344 | Bailey   | Killed an orc warlord
  7454 | Bailey   | Reached skill level 5 in Evocations
  7454 | Bailey   | Reached XP level 11. HP: 64/64 MP: 17/20
  7522 | D:8      | Reached skill level 5 in Stealth
  7654 | D:8      | Found the +18 Lear's hauberk
  7857 | D:9      | Found a sacrificial altar of Ru.
  7861 | D:9      | Offered knowledge of Iskenderun's Mystic Blast by Vehumet.
  7867 | D:9      | Learned a level 4 spell: Iskenderun's Mystic Blast
  8088 | D:9      | Reached skill level 1 in Translocations
  8153 | D:9      | Noticed Grum
  8165 | D:9      | Killed Grum
  8243 | D:9      | Found a staircase to the Orcish Mines.
  8256 | D:9      | Noticed a two-headed ogre
  8260 | D:9      | Killed a two-headed ogre
  8327 | D:9      | Reached **** piety under Vehumet
  8328 | D:9      | Reached XP level 12. HP: 53/70 MP: 9/21
  8576 | D:9      | Noticed a two-headed ogre
  8585 | D:9      | Killed a two-headed ogre
  8703 | D:9      | Identified the +1 hand axe of Harmony {flame, *Corrode
                  | rElec rF+}
  8868 | D:10     | Entered Level 10 of the Dungeon
  9020 | D:10     | Reached skill level 5 in Translocations
  9265 | D:10     | Reached skill level 1 in Air Magic
  9535 | D:10     | Found a staircase to the Lair.
  9650 | D:10     | Offered knowledge of Frozen Ramparts by Vehumet.
  9927 | D:10     | Found a sparkling altar of Nemelex Xobeh.
 10255 | Lair:1   | Entered Level 1 of the Lair of Beasts
 12018 | Lair:2   | Reached XP level 13. HP: 76/76 MP: 24/24
 12047 | Lair:2   | Found a staircase to the Snake Pit.
 12381 | Lair:2   | Reached ***** piety under Vehumet
 13076 | Lair:3   | Offered knowledge of Eringya's Noxious Bog by Vehumet.
 13330 | Lair:3   | Found a staircase to the Swamp.
 13627 | Lair:3   | Found a transporter.
 13630 | Lair:3   | Found a transporter.
 13631 | Lair:3   | Noticed amoryguerra's ghost (journeyman MiBe)
 14102 | Lair:4   | Found a gate leading to a gauntlet.
 14120 | Gauntlet | Entered a Gauntlet
 14120 | Gauntlet | Found a transporter.
 14129 | Gauntlet | Found a transporter.
 14132 | Gauntlet | Found a transporter.
 14133 | Gauntlet | Found a transporter.
 14141 | Gauntlet | Found a transporter.
 14144 | Gauntlet | Found a transporter.
 14145 | Gauntlet | Found a transporter.
 14157 | Gauntlet | Found a transporter.
 14158 | Gauntlet | Found a transporter.
 14158 | Gauntlet | Found a transporter.
 14166 | Gauntlet | Found a transporter.
 14169 | Gauntlet | Found a transporter.
 14170 | Gauntlet | Found a transporter.
 14178 | Gauntlet | Found a transporter.
 14400 | Gauntlet | Mangled by a spectral black mamba

Illustrated notes

Levels and vault maps discovered:
D:1:      dpeg_arrival_rooms_with_view, layout_loops_ring
D:2:      layout_loops_ring
D:3:      layout_loops_ring, tso_oasis_becter,
          hellmonk_ecumenical_altar_heavens_door, minivault_5, uniq_sigmund
D:4:      layout_basic, lemuel_temple_firewalk_b
D:5:      minmay_recursive_quarters, layout_basic, uniq_prince_ribbit1
D:6:      layout_cave_pools, mainiacjoe_overflow_big_doors,
          general_overflow_altar, hellmonk_ghost_happy_afterlife,
          hangedman_decor_push, nicolae_wooded_promenade,
          uniq_crazy_yiuf_cottage
D:7:      layout_rooms, serial_glass, glass_columns_a, glass_columns_b,
          serial_shops, nicolae_shop_tiny_waterfront
D:8:      layout_basic, enter_bailey_2, uniq_erica
D:9:      layout_small_grid, nicolae_ru_great_annihilating_truth,
          david_orc_1_choice, unseen_surprise_small, uniq_grum
D:10:     layout_irregular_city, nemelex_altar_shiori, erik_lair_dragon
D:11:     layout_loops_corners
Temple:   nicolae_temple_elliptical
Lair:1:   layout_cave_pods
Lair:2:   layout_gridlike, minmay_snake_entry_guardpost_small,
          beast_lair_carwin_1
Lair:3:   layout_cave_pods, swamp_mist_pool, gammafunk_ghost_hive,
          infiniplex_staircase_pool_2
Lair:4:   layout_big_grid, slime_entry_1, gauntlet_entry_generic,
          serial_bayou_ford_a
Gauntlet: gammafunk_gauntlet_77_escape_option [minmay_gauntlet_arena_77_museum,
          minmay_gauntlet_arena_77_mirror, minmay_gauntlet_arena_77_p_blocks,
          minmay_gauntlet_arena_77_fan, minmay_gauntlet_arena_77_broken_ladder,
          gauntlet_exit_hidden_loot]

Skill      XL: |  1  2  3  4  5  6  7  8  9 10 11 12 13 |
---------------+----------------------------------------+-----
Earth Magic    | 4 5 6 7 9 |  9.0
Spellcasting   | 3 5 6 7 9 |  9.0
Conjurations   | 1 2 3 4 6 7 9 |  9.0
Fighting       | 1 2 3 4 5 6 7 8 |  8.0
Dodging        | 4 6 7 |  7.0
Fire Magic     | 4 6 7 |  7.0
Evocations     | 5 6 7 |  7.0
Stealth        | 4 6 7 |  7.0
Translocations | 2 5 |  5.0
Air Magic      | 3 |  3.0
Armour         | |  0.6
Transmutations | |  0.7

Action                     |  1- 3 |  4- 6 |  7- 9 | 10-12 | 13-15 || total
---------------------------+-------+-------+-------+-------+-------++-------
  Melee: Spear             |     1 |       |       |       |       ||     1
         Short sword       |     5 |       |       |       |       ||     5
         Dagger            |       |     6 |     6 |       |       ||    12
         Demon trident     |       |       |       |    71 |     2 ||    73
         Sling             |       |       |       |       |     7 ||     7
   Fire: Sling             |     9 |    36 |    59 |    95 |    43 ||   242
   Cast: Sandblast         |    49 |    54 |   110 |   256 |    89 ||   558
         Stone Arrow       |       |     1 |     8 |    26 |     6 ||    41
         Sticky Flame      |       |       |     1 |     2 |       ||     3
         Mephitic Cloud    |       |       |       |     2 |       ||     2
         Iskenderun's Myst |       |       |       |       |     3 ||     3
    Use: Scroll            |     2 |     5 |     5 |    11 |     2 ||    25
         Potion            |       |       |       |     1 |     1 ||     2
   Stab: Sleeping          |       |       |       |     2 |       ||     2
 Armour: Robe              |     7 |    12 |    24 |   148 |    39 ||   230
  Dodge: Dodged            |    11 |     5 |    43 |   230 |    82 ||   371

Table legend: (Time is in decaauts)
 A = Elapsed time spent in this place.
 B = Non-inter-level travel time spent in this place.
 C = Inter-level travel time spent in this place.
 D = Time resting spent in this place.
 E = Time spent auto-exploring this place.
 F = Levels seen in this place.
 G = Mean time per level.
                   A        B        C        D        E       F      G
               +--------+--------+--------+--------+--------+-----+--------+
         Total |  14796 |  14292 |    504 |   3850 |   7518 |  18 |  822.0 |
       Dungeon |   9660 |   9261 |    399 |   2455 |   5110 |  11 |  878.2 |
        Temple |     14 |      7 |      7 |      0 |      0 |   1 |   14.0 |
          Lair |   3992 |   3894 |     98 |    874 |   2274 |   4 |  998.0 |
        Bailey |    841 |    841 |      0 |    424 |     17 |   1 |  841.0 |
      Gauntlet |    287 |    287 |      0 |     97 |    117 |   1 |  287.0 |
               +--------+--------+--------+--------+--------+-----+--------+

Top non-repeatable levels by time:
    D:10: 1426 daAuts
  Lair:1: 1413 daAuts
  Lair:2: 1348 daAuts
     D:2: 1224 daAuts
     D:9: 1185 daAuts
  Lair:3: 1178 daAuts
     D:1: 1035 daAuts
     D:3: 993 daAuts
     D:6: 931 daAuts
     D:7: 841 daAuts
  Bailey: 841 daAuts
     D:5: 819 daAuts
     D:4: 700 daAuts
     D:8: 500 daAuts
Gauntlet: 287 daAuts
